 Dungeon Crawl Stone Soup version 0.16.0 (webtiles) character file.

6133 Kassandra the Basher (level 10, -15/64 HPs)
             Began as a Gargoyle Berserker on Mar 13, 2015.
             Was a High Priest of Trog.
             Demolished by a komodo dragon (24 damage)
             ... on level 2 of the Lair of Beasts on Mar 14, 2015.
             The game lasted 01:06:03 (11749 turns).

Kassandra the Basher (Gargoyle Berserker)          Turns: 11749, Time: 01:06:03

Health: -15/64     AC: 19    Str: 22    XL:     10   Next: 89%
Magic:  3/3        EV: 11    Int:  9    God:    Trog [*****.]
Gold:   485        SH:  0    Dex: 10    Spells: 0 memorised, 9 levels left

rFire  . . .     SeeInvis .     C - +2 triple sword (antimagic)
rCold  . . .     Clarity  .     f - +0 scale mail
rNeg   + . .     SustAb   .     (no shield)
rPois  ∞         Gourm    .     x - +0 helmet
rElec  +         Spirit   .     n - +1 cloak
rCorr  +         Warding  .     (no gloves)
rMut   .         Stasis   .     a - +0 pair of boots
MR     ++...                    i - amulet of resist corrosion
Stlth  +.........               A - ring of wizardry (curse)
                                p - ring of poison resistance

@: regenerating, very resistant to hostile enchantments, very unstealthy
A: negative energy resistance 1, electricity resistance, unbreathing,
petrification resistance, rot immunity, AC +7
a: Burn Spellbooks, Berserk, Trog's Hand, Brothers in Arms, Renounce Religion


You were on level 2 of the Lair of Beasts.
You worshipped Trog.
Trog was extremely pleased with you.
You were hungry.

You visited 3 branches of the dungeon, and saw 12 of its levels.

You collected 545 gold pieces.
You spent 60 gold pieces at shops.

Inventory:

Hand weapons
 k - a +1 hammer of crushing
 l - a +1 hammer of crushing
 C - a +2 antimagic triple sword (weapon)
Armour
 a - a +0 pair of boots (worn)
 f - a +0 scale mail (worn)
 n - a +1 cloak (worn)
 w - a +0 shield
 x - a +0 helmet (worn)
Jewellery
 i - an amulet of resist corrosion (around neck)
 p - a ring of poison resistance (left hand)
 A - a cursed ring of wizardry (right hand)
 G - an uncursed ring of see invisible {unknown}
Magical devices
 e - a wand of slowing (13)
 F - a wand of enslavement (14)
 H - a wand of polymorph (12)
 K - a wand of frost (45)
 N - a wand of confusion (23)
Scrolls
 b - 6 scrolls of remove curse
 d - 14 scrolls of identify
 g - 6 scrolls of teleportation
 m - a scroll of random uselessness
 q - a scroll of immolation
 r - a scroll of blinking
 u - a scroll of enchant armour
 v - a scroll of magic mapping
 E - 2 scrolls of holy word
 I - a scroll of recharging
 M - a scroll of fear
 O - a scroll of fog {unknown}
Potions
 h - a potion of lignification
 o - 6 potions of curing
 z - 2 potions of heal wounds
 B - 2 potions of agility
 D - 3 potions of restore abilities
Books
 s - a book of Transfigurations

   Spells                             Type                      Level
   a - Stoneskin                      Transmutation/Earth          2
   b - Irradiate                      Conjuration/Transmutation    5
   c - Statue Form                    Transmutation/Earth          6
   d - Hydra Form                     Transmutation                6
   e - Dragon Form                    Transmutation                7
   Trog disapproves of the use of such an item.
 y - a book of Ice

   Spells                             Type                      Level
   a - Ice Form                       Ice/Transmutation            4
   b - Metabolic Englaciation         Hexes/Ice                    5
   c - Ozocubu's Refrigeration        Ice                          6
   d - Bolt of Cold                   Conjuration/Ice              6
   e - Freezing Cloud                 Conjuration/Ice/Air          6
   f - Simulacrum                     Ice/Necromancy               6
   Trog disapproves of the use of such an item.
 J - a book of Transfigurations

   Spells                             Type                      Level
   a - Stoneskin                      Transmutation/Earth          2
   b - Irradiate                      Conjuration/Transmutation    5
   c - Statue Form                    Transmutation/Earth          6
   d - Hydra Form                     Transmutation                6
   e - Dragon Form                    Transmutation                7
   Trog disapproves of the use of such an item.
Comestibles
 c - 3 bread rations
 t - 5 meat rations
 L - a slice of pizza


   Skills:
 - Level 8.0 Fighting
 + Level 5.8 Long Blades
 - Level 10.2 Maces & Flails
 - Level 6.2 Armour
 - Level 4.6 Dodging
 - Level 5.1 Stealth


You had 9 spell levels left.
You didn't know any spells.

Dungeon Overview and Level Annotations

Branches:
Dungeon (9/15)             Temple (1/1) D:5            Lair (2/8) D:9
    Orc: D:9-12

Altars:
Ashenzari
Cheibriados
Dithmenos
Elyvilon
Fedhas
Gozag
Kikubaaqudgha
Makhleb
Nemelex Xobeh
Okawaru
Qazlal
Ru
Sif Muna
Trog
Vehumet
Xom
Yredelemnul
Zin
The Shining One

Shops:
D:7 *

Annotations:
D:2 exclusion: oklob plant


Innate Abilities, Weirdness & Mutations

You are resistant to torment.
You are immune to poison.
Your stone body is very resilient (AC +7).
You resist negative energy.
You are resistant to electric shocks.
You can survive without breathing.
You are immune to petrification.
You are immune to rotting.


Message History

The blink frog blinks!
You climb downwards.
There is a stone staircase leading up here.
You start resting.
You are starving!
You are feeling hungry.
That beef jerky was delicious!
You start resting.
Use which ability? (? or * to list)
Your skin crawls.
You feel resistant to hostile enchantments.
You feel slightly more hungry.
The blink frog gives a loud, deep croak!
A komodo dragon comes into view.
The komodo dragon moves out of view.
You hit the komodo dragon but do no damage.
The komodo dragon bites you!!
* * * LOW HITPOINT WARNING * * *
The komodo dragon bites you!!
You die...

... #....
......
.......
...(. .
...#...
####........
#@l<........
###.........
.#P...... ##
.......
.......
#..... ....
}..


You could see a komodo dragon.

Vanquished Creatures
  A komodo dragon (D:9)
  A two-headed ogre (D:9)
  5 blink frogs
  4 yaks
  A hungry ghost (D:6)
  2 orc warriors (D:8)
  6 ogres
  A black bear (D:9)
  A porcupine (Lair:1)
  3 ice beasts
  4 sky beasts
  2 big kobolds
  2 crocodiles
  3 centaurs
  Blork the orc (D:7)
  4 giant frogs
  3 scorpions (D:9)
  3 killer bees (D:9)
  2 crimson imps (D:6)
  A centaur zombie (D:8)
  A giant frog zombie (D:6)
  A goliath beetle (D:8)
  5 hounds
  Crazy Yiuf (D:2)
  A centaur skeleton (D:6)
  7 orc priests
  4 iguanas
  3 orc wizards (D:8)
  3 worker ants
  Ijyb (D:4)
  Jessica (D:3)
  3 hound skeletons
  Terence (D:2)
  9 gnolls
  5 worker ant zombies
  16 adders
  3 shadow imps
  A giant mite (D:6)
  A worm (D:3)
  2 adder zombies
  4 giant geckos
  An ooze (D:6)
  37 orcs
  15 bats
  A bat skeleton (D:6)
  5 giant cockroaches
  19 hobgoblins
  10 jackals
  22 kobolds
  4 quokkas
  2 ball pythons (D:1)
  6 giant newts
  3 giant spores
  17 goblins
  A kobold zombie (D:6)
  A quokka skeleton (D:7)
  18 rats
  10 ballistomycetes
  A bush (D:2)
296 creatures vanquished.

Vanquished Creatures (others)
  A centaur (D:6)
  A giant frog (D:6)
  A worker ant (D:6)
  A ball python (D:6)
  A bat (D:6)
  A hobgoblin (D:6)
  A quokka (D:6)
  A giant cockroach zombie (D:6)
  A giant spore (D:6)
  A goblin (D:6)
  A kobold (D:6)
  5 plants (D:9)
  20 toadstools (D:2)
36 creatures vanquished.

Grand Total: 332 creatures vanquished

Notes
Turn   | Place    | Note
--------------------------------------------------------------
     0 | D:1      | Kassandra, the Gargoyle Berserker, began the quest for the Orb.
     0 | D:1      | Reached XP level 1. HP: 14/14 MP: 1/1
   104 | D:1      | Reached XP level 2. HP: 13/19 MP: 2/2
   722 | D:2      | Noticed Terence
   724 | D:2      | Acquired Trog's second power
   724 | D:2      | Reached skill level 4 in Maces & Flails
   731 | D:2      | Killed Terence
   731 | D:2      | Reached XP level 3. HP: 21/23 MP: 3/3
   819 | D:2      | Found a bloodstained altar of Trog.
  1057 | D:2      | Noticed Crazy Yiuf
  1062 | D:2      | Killed Crazy Yiuf
  1062 | D:2      | Reached skill level 5 in Maces & Flails
  1062 | D:2      | Reached XP level 4. HP: 28/28 MP: 4/4
  1147 | D:2      | Found a burning altar of Makhleb.
  1216 | D:2      | Found a blossoming altar of Fedhas.
  1241 | D:2      | Noticed an oklob plant
  1655 | D:2      | Reached XP level 5. HP: 30/32 MP: 5/5
  1830 | D:3      | Reached skill level 6 in Maces & Flails
  1884 | D:3      | Noticed Jessica
  1889 | D:3      | Killed Jessica
  1973 | D:3      | Reached XP level 6. HP: 21/37 MP: 6/6
  1989 | D:3      | Found a snail-covered altar of Cheibriados.
  2905 | D:4      | Reached skill level 7 in Maces & Flails
  2972 | D:3      | Acquired Trog's third power
  3231 | D:4      | Noticed Ijyb
  3236 | D:4      | Killed Ijyb
  3276 | D:4      | Found an opulent altar of Gozag.
  3498 | D:5      | Entered Level 5 of the Dungeon
  3512 | D:4      | Reached XP level 7. HP: 22/41 MP: 7/7
  3634 | D:5      | Reached skill level 8 in Maces & Flails
  3847 | D:5      | Found a staircase to the Ecumenical Temple.
  3931 | Temple   | Entered the Ecumenical Temple
  4183 | D:5      | Reached skill level 5 in Armour
  4183 | D:5      | Reached XP level 8. HP: 46/46 MP: 8/8
  4471 | D:5      | Found a deep blue altar of Sif Muna.
  4865 | D:6      | Found a shimmering altar of Xom.
  5339 | D:6      | Reached skill level 5 in Fighting
  5354 | D:6      | Found a sparkling altar of Nemelex Xobeh.
  5480 | D:6      | Reached XP level 9. HP: 50/57 MP: 9/9
  6417 | D:7      | Noticed Blork the orc
  6429 | D:7      | Killed Blork the orc
  6495 | D:7      | Found Chask's Assorted Antiques.
  6505 | D:7      | Bought a fuming red potion for 18 gold pieces
  6505 | D:7      | Bought a scroll labeled MIUNONO PNI LOUN for 21 gold pieces
  6505 | D:7      | Bought a scroll labeled OLED UNTEOCLE for 21 gold pieces
  6614 | D:7      | Found a shimmering altar of Xom.
  7676 | D:8      | Reached skill level 1 in Stealth
  8538 | D:8      | Reached skill level 5 in Stealth
  8929 | D:9      | Reached XP level 10. HP: 64/64 MP: 10/10
  8943 | D:8      | Reached skill level 9 in Maces & Flails
  9260 | D:9      | Reached skill level 10 in Maces & Flails
  9443 | D:9      | Received a gift from Trog
  9495 | D:9      | Found an ancient bone altar of Kikubaaqudgha.
  9529 | D:9      | Reached skill level 1 in Long Blades
  9708 | D:9      | Found a staircase to the Lair.
  9747 | D:9      | Found a glowing golden altar of the Shining One.
  9754 | D:9      | Noticed a komodo dragon
  9982 | D:9      | Killed a komodo dragon
 10017 | Lair:1   | Entered Level 1 of the Lair of Beasts
 10097 | D:9      | HP: 3/64 [blink frog (11)]
 10264 | D:9      | HP: 3/64 [blink frog (10)]
 10877 | D:9      | Reached skill level 5 in Long Blades
 11696 | Lair:1   | HP: 2/64 [blink frog (5)]
 11749 | Lair:2   | Demolished by a komodo dragon

Action                   |  1- 3 |  4- 6 |  7- 9 | 10-12 || total
-------------------------+-------+-------+-------+-------++-------
Melee: Mace              |   134 |       |       |       ||   134
       Hammer            |       |   191 |   437 |    84 ||   712
       Triple sword      |       |       |       |   194 ||   194
Invok: Berserk           |     1 |       |     2 |     3 ||     6
       Trog's Hand       |       |     1 |     3 |     8 ||    12
Evoke: Wand              |       |       |     1 |       ||     1
  Use: Scroll            |     3 |     8 |     4 |       ||    15
       Potion            |     1 |     4 |     5 |     1 ||    11
 Stab: Sleeping          |       |       |       |     1 ||     1
  Eat: Chunk             |       |     9 |    21 |    10 ||    40
       Beef jerky        |       |       |       |     2 ||     2
